Unix xNetHack Version 7.1.0 - last build Jul 4 2022 02:09:00 (ec8469f2eb63cac24863ec985b09651f3a72bf9f). Game began 2022-07-05 06:45:38, ended 2022-07-05 07:13:38. nmlkj, chaotic male human Wizard --- --- ..| |(.--- --..-- |...|.---------....-- .......|..|........| ........|......- -......|...... |...........| -........------ -......%%....- | ---.......>--- .... ---. --....--.@.---- ---- |...-- ---..----|.)....--..| |...<--------....------.-.......| |.............*...--.|..........-- --....---------..%........k......-- ------ -----...hh..........| |......-.........| --..%............| --.------.|.----- --- ----- Nmlkj the Conjurer St:9 Dx:13 Co:17 In:14 Wi:11 Ch:11 Chaotic S:442 Dlvl:3 $:26 HP:0(23) Pw:19(31) AC:2 Xp:3/79 T:599 Latest messages: A trap door in the ceiling opens and a rock falls on your head! The gnome picks up a gem. In what direction? l The gnome wields a copper bow! A wooden runed dagger misses you. In what direction? u The spell hits the gnome! You kill the gnome! The hobbit picks up a wooden runed dagger. The dwarf throws a dagger! A dagger misses you. In what direction? l The spell hits the gnome! You kill the gnome! The hobbit picks up a copper bow. In what direction? h The spell hits the gnome lord! The spell misses the dwarf. The hobbit picks up 11 arrows. In what direction? h The spell misses the gnome lord. The hobbit picks up a dagger. In what direction? h The spell hits the gnome lord! You kill the gnome lord! The hobbit wields a copper bow! You don't have enough energy to cast that spell. The hobbit wields a wooden runed dagger! The dwarf picks up 2 yellowish brown gems. The hobbit wields a copper bow! The gnome punches you! The gnome punches you! The hobbit picks up a black gem. The gnome punches you! The hobbit shoots an arrow! The arrow hits the gnome. The gnome is killed! You don't have enough energy to cast that spell. In what direction? h The spell hits the dwarf! You kill the dwarf! The hobbit wields a wooden runed dagger! The hobbit picks up a leather hooded cloak. The hobbit wields a copper bow! The hobbit wields a wooden runed dagger! The hobbit wields a copper bow! The gnome picks up 2 yellowish brown gems. The hobbit shoots an arrow! You are hit by an arrow! You die... Major events: Turn 1: nmlkj the chaotic male human Wizard entered the dungeon 520: entered the Gnomish Mines 528: attained the rank of Conjurer (level 3) 599: killed by an arrow Inventory: Inventory: 663/700 weight (18/52 slots) Coins $ - 26 gold pieces {1} Weapons q - a +0 orcish dagger {10} a - a blessed +1 quarterstaff (weapon in hands) {40} Armor r - an uncursed very corroded +0 orcish helm {30} b - an uncursed +0 cloak of magic resistance (being worn) {8} g - a blessed +0 plate mail (being worn) {338} Comestibles k - an uncursed food ration {20} m - an uncursed pear {2} o - 2 uncursed lichen corpses {40} Scrolls h - an uncursed scroll of magic mapping {5} Spellbooks c - a blessed spellbook of force bolt {35} f - an uncursed spellbook of jumping {40} e - an uncursed spellbook of light {35} d - a blessed spellbook of magic missile {40} Rings n - an uncursed +3 ring of adornment {3} Wands l - a wand of nothing (0:6) {7} Tools j - an uncursed plastic blindfold {4} i - an uncursed lock pick {4} Gems/Stones p - 2 uncursed worthless pieces of red glass {2} Nmlkj the Wizard's attributes: Background: You were a Conjurer, a level 3 male human Wizard. You were chaotic, on a mission for Anhur who was opposed by Ptah (lawful) and Thoth (neutral). You were heterosexual. You were in the Gnomish Mines, on level 3. You entered the dungeon 599 turns ago. You had 79 experience points, 1 more was needed to attain level 4. Your score was 442 before end-of-game adjustments. Basics: You had 0 out of 23 hit points. You had 19 out of 31 energy points (spell power). Your armor class was 2. Your wallet contained 26 zorkmids. Autopickup was on for '$"?+!=/' plus thrown. Final Characteristics: Your strength was 9 (limit:18/100). Your dexterity was 13 (limit:18). Your constitution was 17 (limit:18). Your intelligence was 14 (limit:18). Your wisdom was 11 (limit:18). Your charisma was 11 (limit:18). Final Status: You were not hungry. You were unencumbered. You were wielding a quarterstaff. You had basic skill with quarterstaff. Final Attributes: You were fervently aligned. You were magic-protected. You were guarded. You are dead. Miscellaneous: You never encountered a bones level. Total elapsed playing time was 14 minutes and 19 seconds. Vanquished creatures: a gnome leader a dwarf 4 gnomes 3 jackals 2 foxes a kobold a goblin a sewer rat a grid bug 2 lichens a newt 18 creatures vanquished. No species were genocided or became extinct. Voluntary challenges: You were an atheist. You were illiterate. You never genocided any monsters. You never polymorphed an object. You never changed form. You never touched an artifact. You used no wishes. You never owned a pet. You never scared an enemy with impunity. You were celibate. You never generated conflict. Achievements: You entered the Gnomish Mines. You attained the rank of Conjurer. The Dungeons of Doom: levels 1 to 2 Level 1: A fountain, some trees. Level 2: Stairs down to The Gnomish Mines. The Gnomish Mines: Level 3: <- You were here. Final resting place for you, killed by an arrow. Game over: __________ / \ / REST \ / IN \ / PEACE \ / \ | nmlkj | | 26 Au | | killed by an | | arrow | | | | | | 2022 | *| * * * | * _________)/\\_//(\/(/\)/\//\/|_)_______ Goodbye nmlkj the Wizard... You died in The Gnomish Mines on dungeon level 3 with 440 points, and 26 pieces of gold, after 599 moves. You were level 3 with a maximum of 23 hit points when you died.